Map: Traitor's Exile

Players

mwrevo - Winner!

  • Race: Terran Terran
  • Spawn Location: 6:00

TheDon - Winner!

  • Race: Terran Terran
  • Spawn Location: 5:00

ILIEKEGGPIE

  • Race: Protoss Protoss
  • League: Platinum
  • Spawn Location: 12:00

Moumora

  • Race: Zerg Zerg
  • League: Gold
  • Spawn Location: 9:00

VOD

Have the link to the VOD?

Description

Time

  • Played on: June 7, 2018, 12:13 p.m.
  • Length: 8:00
Show
View Real Time Build Order
Export as new Build Order

mwrevo Terran - Winner!

Build Orders:  

Get SALT Encoding   

  12  0:02  SCV  
  13  0:14  SCV  
  13  0:20  Supply Depot  
  14  0:26  SCV  
  15  0:41  SCV  
  16  0:43  Barracks  
  16  0:54  SCV  
  17  0:58  Barracks x2, Supply Depot  
  17  1:04  Engineering Bay  
  17  1:06  SCV  
  17  1:09  Refinery  
  17  1:10  Refinery  
  18  1:30  SCV  
  18  1:41  Missile Turret  
  18  1:42  SCV  
  18  1:44  Missile Turret  
  19  1:48  Marine x2  
  21  1:54  SCV  
  22  2:06  SCV  
  23  2:14  Barracks Reactor x2  
  23  2:15  Barracks Reactor  
  23  2:18  SCV  
  23  2:22  Missile Turret  
  24  2:23  Missile Turret  
  24  2:24  Supply Depot  
  24  2:26  Supply Depot  
  24  2:29  Supply Depot  
  24  2:31  Supply Depot  
  24  2:33  Orbital Command  
  24  2:53  Terran Infantry Weapons Level 1, Command Center  
  24  2:59  SCV  
  25  3:07  Marine x3  
  25  3:08  Marine x2  
  25  3:09  Marine  
  31  3:18  Factory  
  31  3:21  Missile Turret  
  31  3:25  Marine x4, Supply Depot  
  31  3:26  Marine  
  36  3:27  Marine  
  37  3:50  Marine x6  
  43  4:07  Marine x2  
  43  4:08  Marine x4  
  49  4:12  Supply Depot  
  49  4:13  Factory Tech Lab  
  49  4:25  Marine x3  
  49  4:26  Marine x3  
  53  4:43  Marine x5  
  53  4:44  Marine  
  55  5:01  Marine x3  
  55  5:06  Marine x3  
  56  5:19  Marine x3  
  56  5:23  Marine  
  56  5:24  Marine x2  
  56  5:36  Marine  
  56  5:37  Marine x2  
  56  5:41  Marine  
  56  5:42  Marine x2  
  62  5:47  Siege Tank  
  65  5:54  Marine x3  
  64  5:59  Marine x2  
  65  6:06  Marine  
  66  6:12  Marine x3  
  66  6:17  Marine x2  
  67  6:19  Siege Tank  
  59  6:33  Marine x4  
  59  6:35  Marine x2  
  62  6:50  Marine  
  62  6:51  Marine x3  
  63  7:04  Marine x2  
  63  7:07  Siege Tank  
  68  7:08  Marine x2  
  68  7:09  Marine x2  
  72  7:21  Marine  
  72  7:22  Marine  
  74  7:26  Marine x3  
  70  7:39  Marine  
  70  7:40  Marine x2  
Show
View Real Time Build Order
Export as new Build Order

TheDon Terran - Winner!

Build Orders:  

Get SALT Encoding   

  12  0:22  SCV  
  13  0:33  Supply Depot  
  13  0:34  SCV  
  14  0:46  SCV  
  15  1:12  SCV  
  15  1:15  Refinery  
  15  1:18  Refinery  
  16  1:25  SCV  
  17  1:37  SCV  
  18  1:50  SCV  
  19  2:02  SCV  
  20  2:14  SCV  
  21  2:40  SCV  
Show
View Real Time Build Order
Export as new Build Order

ILIEKEGGPIE Protoss 

Build Orders:  

Get SALT Encoding   

  12  0:01  Probe  
  13  0:15  Probe  
  13  0:18  Pylon  
  14  0:30  Probe  
  15  0:37  Gateway  
  15  0:43  Probe  
  15  0:47  Assimilator  
  16  0:51  Probe  
  17  1:01  Gateway  
  17  1:14  Probe  
  18  1:21  Pylon  
  18  1:33  Probe  
  19  1:41  Probe  
  20  1:56  Nexus  
  20  2:09  Cybernetics Core  
  20  2:13  Zealot, Probe  
  22  2:23  Zealot  
  24  2:31  Assimilator  
  24  2:46  Stalker  
  24  2:50  Stalker, Warp Gate  
  28  2:52  Probe  
  29  3:04  Probe  
  30  3:08  Twilight Council  
  30  3:12  Probe  
  31  3:14  Assimilator  
  31  3:16  Probe  
  32  3:22  Stalker  
  34  3:30  Stalker  
  34  3:32  Pylon  
  36  3:48  Probe  
  37  3:51  Gateway  
  37  3:56  Stalker  
  39  4:16  Stalker  
  41  4:19  Probe x2  
  43  4:26  Stalker  
  43  4:41  Probe x2  
  43  4:45  Pylon  
  45  4:53  Probe x2  
  43  5:05  Probe  
  40  5:23  Stalker  
  40  5:24  Stalker x2  
  36  5:45  Sentry  
  36  5:47  Pylon  
  36  5:49  Pylon  
  38  6:04  Gateway  
  38  6:08  Stalker  
  38  6:10  Gateway  
  38  6:35  Gateway  
  38  6:36  Gateway  
  3  7:28  Nexus  
  3  7:49  Pylon  
Show
View Real Time Build Order
Export as new Build Order

Moumora Zerg 

Build Orders: Pool First 

Get SALT Encoding   

  12  0:19  Spawning Pool  
  11  0:24  Drone  
  12  0:28  Drone  
  13  0:37  Overlord  
  13  0:42  Drone  
  14  0:56  Extractor  
  14  0:57  Drone x2  
  15  1:08  Drone  
  15  1:10  Queen  
  18  1:21  Zergling x2  
  19  1:37  Zergling x2  
  20  1:43  Zergling x2  
  21  1:51  Overlord  
  21  1:57  Metabolic Boost  
  21  2:03  Zergling x2  
  22  2:09  Queen  
  24  2:19  Zergling x2  
  25  2:23  Zergling x6  
  25  2:26  Overlord  
  28  2:38  Zergling x2  
  29  2:48  Zergling x2  
  30  2:54  Zergling x2  
  30  2:55  Zergling x4  
  33  3:04  Zergling x2  
  34  3:16  Overlord  
  34  3:34  Drone x2  
  34  3:35  Drone  
  37  3:58  Hatchery  
  37  4:00  Zergling x6  
  25  4:53  Drone x3  
  28  5:01  Roach Warren  
  28  5:06  Zergling x2  
  28  5:18  Zergling x2  
  28  5:20  Zergling x2  
  27  5:41  Roach x3  
  27  5:42  Roach  
  35  5:54  Baneling Nest  
  34  5:59  Roach x2  
  34  6:00  Roach x2  
  31  6:34  Zergling x10  
  31  6:35  Zergling x2  
  37  6:48  Zergling x4  
  39  6:54  Baneling x3  
  39  6:55  Baneling x3  
  39  6:57  Zergling x2  
  39  6:58  Zergling x2  
  41  7:02  Baneling  
  41  7:03  Baneling x5  
  41  7:13  Baneling x4  
  41  7:21  Zergling x6  
  41  7:22  Zergling x6  
Tags
 
Add a new tag
Caveats
  • Supply blocks, unpowered buildings, or Contaminate may cause inaccurate times.
  • Supply counts are checked every 10 seconds.